 Dungeon Crawl Stone Soup version 0.17.0-22-g5edae84 (console) character file.

4 gw the Vexing (level 1, 0/15 HPs)
             Began as a Human Arcane Marksman on Nov 13, 2015.
             Slain by a bat (1 damage)
             ... on level 1 of the Dungeon.
             The game lasted 00:00:15 (175 turns).

gw the Vexing (Human Arcane Marksman)                Turns: 175, Time: 00:00:15

Health: 0/15       AC:  2    Str: 11    XL:     1   Next: 77%
Magic:  1/2        EV: 12    Int: 13    God:
Gold:   14         SH:  0    Dex: 12    Spells: 1 memorised, 1 level left

rFire  . . .     SeeInvis .     b - +0 dagger
rCold  . . .     Clarity  .     c - +0 robe
rNeg   . . .     SustAt   .     (no shield)
rPois  .         Gourm    .     (no helmet)
rElec  .         Spirit   .     (no cloak)
rCorr  .         Warding  .     (no gloves)
rMut   .         Stasis   .     (no boots)
MR     .....                    (no amulet)
Stlth  +.........               (no ring)
                                (no ring)

@: not resistant to hostile enchantments, very unstealthy
A: no striking features
a: no special abilities


You were on level 1 of the Dungeon.
You were not hungry.

You visited 1 branch of the dungeon, and saw 1 of its levels.

You collected 14 gold pieces.

Inventory:

Hand Weapons
 a - a +0 hunting sling
 b - a +0 dagger (weapon)
Missiles
 f - 18 sling bullets
Armour
 c - a +0 robe (worn)
Scrolls
 h - 2 scrolls of identify {unknown}
 i - a scroll of random uselessness {unknown}
Potions
 g - a potion of curing {unknown}
Books
 d - a book of Debilitation

   Spells                             Type                      Level
   a - Corona                         Hexes                        1
   b - Slow                           Hexes                        2
   c - Gell's Gravitas                Hexes/Translocation          3
   d - Inner Flame                    Hexes/Fire                   3
   e - Cause Fear                     Hexes                        4
   f - Leda's Liquefaction            Hexes/Earth                  4
Comestibles
 e - a bread ration


   Skills:
 + Level 1.1 Fighting
 + Level 0.2 Short Blades
 + Level 2.1 Slings
 + Level 0.2 Armour
 - Level 2.0 Dodging
 * Level 1.0 Spellcasting
 + Level 3.0 Hexes


You had one spell level left.
You knew the following spells:

 Your Spells              Type           Power        Failure   Level  Hunger
a - Corona                Hex            #......      10%         1    ##.....


Dungeon Overview and Level Annotations

Branches:
Dungeon (1/15)

Altars:


Message History

MOVING TO (4,2)
You hit the bat but do no damage. The bat hits you but does no damage.
The giant gecko closely misses you.
MOVING TO (3,3)
The bat barely misses you. The giant gecko bites you.
You see here a stone.
MOVING TO (2,3)
The bat closely misses you.
MOVING TO (1,3)
The bat stops glowing.
The bat hits you but does no damage.
MOVING TO (0,2)
The bat completely misses you.
MOVING TO (0,1)
The bat hits you but does no damage.
MOVING TO (-1,0)
The bat hits you but does no damage. The giant gecko bites you.
The bat hits you but does no damage. The giant gecko bites you.
MOVING TO (0,1)
The bat hits you.
You die...

.................# #..%##.###
....###..........###...##.#..
..>...'.....................#
....###..........###....#.#..
.. #..........# #....#.#.#
#..(.......# ####.#.#..
#####l###### #.#.#.. #.b#
#.#.#.. ##p# #.#.#.. #.##
#.#.#.% #..# #.#.##.
######..# #.#.##. #...##..#
#.#.### #...##..# #.#.###
#.<.##..# #.#.##. #...##..#
#.#.##. #...##..# #.#.##.


You could see a giant gecko and a bat.

Table legend:
 A = Turns spent in this place as a percentage of turns spent in the entire game.
 B = Non-inter-level travel turns spent in this place as a percentage of non-inter-level travel turns spent in the entire game.
 C = Inter-level travel turns spent in this place as a percentage of turns spent in this place.
 D = Turns resting spent in this place as a percentage of non-inter-level travel turns spent in this place.
 E = Turns spent auto-exploring this place as a percentage of non-inter-level travel turns spent in this place.
 F = Non-inter-level travel turns spent in this place divided by the number of levels of this place that you've seen.
                   A       B       C       D       E      F
               +-------+-------+-------+-------+-------+----------------------
         Total | 100.0 | 100.0 |   0.0 |   1.2 |   3.0 | 329.0
       Dungeon | 100.0 | 100.0 |   0.0 |   1.2 |   3.0 | 329.0
               +-------+-------+-------+-------+-------+----------------------

Table legend:
 A = Kills in this place as a percentage of kills in entire the game.
 B = Kills by you in this place as a percentage of kills by you in the entire game.
 C = Kills by friends in this place as a percentage of kills by friends in the entire game.
 D = Other kills in this place as a percentage of other kills in the entire game.
 E = Experience gained in this place as a percentage of experience gained in the entire game.
 F = Experience gained in this place divided by the number of levels of this place that you have seen.
                   A       B       C       D       E      F
               +-------+-------+-------+-------+-------+----------------------
         Total | 100.0 | 100.0 |  -nan |  -nan | 100.0 |   7.0
       Dungeon | 100.0 | 100.0 |  -nan |  -nan | 100.0 |   7.0
               +-------+-------+-------+-------+-------+----------------------

Vanquished Creatures
  A bat (D:1)
  A giant cockroach (D:1)
  2 kobolds (D:1)
  A rat (D:1)
5 creatures vanquished.

Notes
Turn   | Place    | Note
--------------------------------------------------------------
     0 | D:1      | gw the Human Arcane Marksman began the quest for the Orb.
     0 | D:1      | Reached XP level 1. HP: 15/15 MP: 2/2
   175 | D:1      | Slain by a bat

Action                   || total
-------------------------++-------
Melee: Dagger            ||     2
 Fire: Hunting sling     ||     6
 Cast: Corona            ||     4

Vault maps used:
D:1:      dpeg_arrival_rooms_a, nemelex_xobeh_ov_fountains_minmay
